AoeStats
← Carls3819

Arabia

509810649Analyzed
1v1 RM · 5d ago on Sep 28, 2026· 61m 56s· 2 players
Game mode
Random Map
Map size
Tiny (2 player)
Population
200
Speed
Normal
Resources
Standard
Victory
Conquest
Starting age
Dark Age
Ending age
Imperial Age
RankedLock teamsTeams togetherTeam positionsShared explorationLock speedFull tech treeHidden civsTurbo modeCheats
Victory
Defeat
🇨🇴 Vietnamese · Colombia
510
+18
🇳🇿 Bulgarians · New Zealand
559
-18
Swivella
11:57 Feudal Age
10:13 Loom
12:51 Double-Bit Axe
22:24 Castle Age
20:36 Fletching
20:58 Forging
23:03 Bodkin Arrow
23:52 Iron Casting
23:52 Bow Saw
24:07 Squires
26:33 Husbandry
27:19 Scale Mail Armor
28:20 Scale Barding Armor
28:45 Horse Collar
29:41 Arson
31:33 Pikeman
33:59 Bloodlines
34:20 Gambesons
36:43 Chain Mail Armor
38:21 Chain Barding Armor
39:22 Stone Mining
39:24 Gold Mining
39:47 Heavy Plow
47:16 Wheelbarrow
49:12 Imperial Age
46:55 Thumb Ring
52:33 Blast Furnace
51:23 Elite Konnik
54:13 Plate Mail Armor
54:19 Plate Barding Armor
55:23 Parthian Tactics
60:44 Chemistry
60:49 Elite Skirmisher
61:42 Cavalier
Carls3819
0:55 Loom
11:50 Feudal Age
13:05 Double-Bit Axe
15:55 Arson
15:31 Man-at-Arms
21:34 Horse Collar
29:18 Castle Age
27:39 Padded Archer Armor
31:13 Leather Archer Armor
30:48 Fletching
31:02 Heavy Plow
31:17 Bow Saw
32:59 Stone Mining
32:59 Gold Mining
35:40 Pikeman
36:21 Squires
36:52 Treadmill Crane
37:33 Ballistics
36:49 Elite Skirmisher
42:37 Imperial Age
40:22 Scale Mail Armor
40:34 Murder Holes
43:59 Siege Engineers
44:43 Wheelbarrow
43:54 Town Watch
47:05 Halberdier
47:18 Elite Rattan Archer
54:39 Paper Money
55:41 Ring Archer Armor
55:06 Bodkin Arrow
57:34 Chemistry
58:05 Two-Man Saw
62:35 Thumb Ring
Connection lost

Rejoining the realm…

Still unreachable

The connection could not be restored.

Session expired

The server has moved on; the page needs a fresh start.